Map: Abyssal Reef LE

Players

OptimusPrime

  • Race: Terran Terran
  • League: Master
  • Spawn Location: 11:00

A.I. 2 (Easy) - Winner!

  • Race: Zerg Zerg
  • Spawn Location: 5:00

VOD

Have the link to the VOD?

Description

Time

  • Played on: June 20, 2017, 3:06 p.m.
  • Length: 7:17
Show
View Real Time Build Order
Export as new Build Order

OptimusPrime Terran 

Build Orders: Reaper Expand, MMM Bio 

Get SALT Encoding   

  12  0:00  SCV  
  13  0:13  SCV  
  14  0:17  Supply Depot  
  14  0:25  SCV  
  15  0:38  SCV  
  15  0:41  Barracks  
  16  0:46  Refinery  
  16  0:50  SCV  
  17  1:03  SCV  
  18  1:17  SCV  
  19  1:29  Reaper  
  19  1:31  Orbital Command  
  20  1:41  Command Center  
  20  1:51  Barracks  
  20  1:57  SCV  
  21  2:02  Barracks Reactor  
  21  2:07  Supply Depot  
  21  2:09  SCV  
  22  2:21  SCV  
  23  2:32  Factory  
  23  2:33  SCV  
  24  2:38  Refinery, Barracks Tech Lab  
  24  2:39  Marine  
  25  2:45  SCV  
  25  2:47  Marine  
  27  2:53  Orbital Command  
  27  2:58  SCV, Marine  
  29  2:59  Marine  
  29  3:05  Marine  
  31  3:07  Stimpack  
  31  3:10  SCV  
  32  3:16  Marine  
  32  3:19  Marine  
  34  3:20  SCV  
  34  3:22  SCV  
  34  3:23  Marine  
  37  3:27  Starport  
  37  3:32  SCV  
  37  3:33  Factory Reactor  
  38  3:35  SCV  
  38  3:37  Marine x2  
  41  3:44  SCV, Marine  
  41  3:47  Supply Depot  
  43  3:51  Supply Depot  
  43  3:54  SCV  
  43  3:55  Marine  
  45  3:58  SCV  
  46  4:08  Marine x2  
  46  4:09  SCV  
  49  4:10  SCV  
  49  4:12  Hellion  
  49  4:13  Marine  
  49  4:14  Hellion  
  55  4:17  Medivac  
  55  4:21  SCV  
  55  4:22  SCV  
  59  4:26  Marine x2  
  59  4:31  Supply Depot  
  61  4:32  Supply Depot, Marine  
  62  4:41  Armory  
  62  4:52  SCV x2, Marine  
  69  4:53  Supply Depot, Hellion x2  
  69  4:55  Marine  
  69  4:56  Supply Depot, Marine  
  71  5:04  SCV  
  71  5:06  Medivac  
  74  5:08  SCV  
  74  5:10  Marine  
  74  5:13  Marine  
  77  5:14  Hellion x2  
  77  5:16  SCV  
  77  5:19  Marine  
  83  5:22  SCV  
  83  5:23  Combat Shields  
  83  5:25  Supply Depot  
  84  5:29  Marine  
  84  5:32  SCV  
  86  5:42  Marine x2  
  87  5:48  SCV  
  89  5:50  Command Center  
  89  5:52  Factory Reactor  
  89  5:54  Barracks x2  
  89  5:55  Starport Reactor, SCV  
  89  5:56  Barracks  
  89  5:57  Supply Depot  
  89  6:03  Refinery  
  89  6:05  Marine x2  
  89  6:09  SCV  
  89  6:11  Supply Depot  
  92  6:12  Supply Depot, SCV  
  93  6:19  Engineering Bay  
  93  6:20  Engineering Bay  
  93  6:21  SCV  
  93  6:22  Marine  
  93  6:23  Marine  
  93  6:24  Marine  
  97  6:32  SCV  
  99  6:38  SCV  
  102  6:40  Marine  
  102  6:43  Marine  
  102  6:44  Marine  
  101  6:54  SCV, Unknown  
  101  6:55  Starport Tech Lab  
  101  6:58  Supply Depot x2  
  101  6:59  Supply Depot  
  102  7:01  Factory Tech Lab  
  102  7:06  Refinery  
Show
View Real Time Build Order
Export as new Build Order

A.I. 2 (Easy) Zerg - Winner!

Build Orders: Hatch First 

Get SALT Encoding   

  12  0:01  Drone  
  13  0:12  Overlord  
  13  0:16  Drone  
  14  0:31  Drone  
  14  0:35  Drone  
  16  0:50  Hatchery  
  16  0:52  Drone  
  16  1:09  Spawning Pool  
  16  1:10  Extractor  
  14  1:12  Drone  
  14  1:16  Drone  
  16  1:24  Overlord  
  16  1:56  Queen  
  16  1:57  Zergling x2  
  16  1:58  Zergling x2  
  16  1:59  Roach Warren  
  16  2:00  Extractor  
  18  2:02  Drone  
  19  2:08  Drone  
  20  2:28  Drone  
  21  2:33  Drone  
  22  2:37  Drone  
  22  2:38  Roach  
  22  2:41  Roach  
  22  2:42  Drone  
  28  2:56  Overlord  
  28  3:01  Lair  
  28  3:24  Drone  
  29  3:28  Drone  
  29  3:30  Zergling x2  
  31  3:43  Extractor  
  31  3:45  Drone  
  31  3:47  Zergling x2  
  31  3:50  Drone  
  31  3:55  Drone  
  33  3:59  Drone  
  33  4:00  Spire  
  33  4:03  Drone  
  33  4:07  Overlord  
  34  4:12  Drone  
  34  4:16  Drone  
  36  4:20  Drone  
  37  4:24  Drone  
  37  4:28  Zergling x2  
  37  4:29  Drone  
  40  4:33  Drone  
  40  4:37  Drone  
  42  4:39  Overlord  
  42  4:42  Drone  
  43  4:47  Drone  
  43  4:50  Zergling x2  
  43  4:51  Drone  
  46  4:55  Drone  
  48  5:00  Drone  
  48  5:04  Drone  
  48  5:06  Zergling x2  
  50  5:09  Drone, Overlord  
  50  5:14  Drone  
  52  5:18  Drone  
  53  5:23  Zergling x2, Drone  
  53  5:26  Overseer  
  53  5:27  Drone, Overseer  
  56  5:33  Drone  
  57  5:36  Overlord  
  57  5:41  Mutalisk, Drone  
  60  5:45  Drone  
  61  5:54  Drone, Overlord  
  62  5:57  Mutalisk  
  62  5:59  Drone  
  65  6:07  Drone  
  67  6:11  Drone  
  67  6:13  Mutalisk  
  69  6:20  Extractor  
  69  6:22  Drone  
  69  6:29  Roach, Queen  
  66  6:34  Overseer  
  66  6:39  Overlord  
  58  6:41  Drone  
  58  6:43  Roach  
  58  6:45  Drone  
  45  6:50  Drone  
  44  6:57  Roach  
Tags
 
Add a new tag
Caveats
  • Supply blocks, unpowered buildings, or Contaminate may cause inaccurate times.
  • Supply counts are checked every 10 seconds.